Map: Dusk Towers

Players

BaneReign - Winner!

  • Race: Zerg Zerg
  • League: Platinum

LindyHop

  • Race: Zerg Zerg
  • League: Platinum

VOD

Have the link to the VOD?

Description

Time

  • Played on: Jan. 16, 2016, 9:25 p.m.
  • Length: 10:08
Show
View Real Time Build Order
Export as new Build Order

BaneReign Zerg - Winner!

Build Orders: Pool First, Muta Ling Bane 

Get SALT Encoding   

  12  0:03  Drone  
  13  0:12  Overlord  
  13  0:18  Drone  
  14  0:35  Spawning Pool  
  13  0:37  Drone  
  13  0:41  Drone  
  15  0:48  Drone  
  16  0:51  Drone, Extractor  
  16  0:59  Drone  
  17  1:09  Overlord  
  17  1:20  Drone  
  17  1:22  Queen  
  20  1:31  Zergling x2  
  21  1:50  Hatchery  
  20  1:55  Drone  
  20  1:56  Drone  
  22  2:02  Metabolic Boost  
  22  2:04  Zergling x2  
  23  2:15  Zergling x2  
  23  2:19  Queen  
  26  2:24  Overlord  
  26  2:34  Drone  
  26  2:36  Baneling Nest, Drone  
  27  2:39  Drone  
  28  2:50  Zergling x2  
  29  3:04  Extractor  
  29  3:05  Drone  
  29  3:06  Drone x4  
  33  3:17  Drone x2  
  35  3:32  Lair  
  35  3:33  Overlord  
  35  3:35  Drone  
  35  3:36  Drone x3  
  39  3:42  Queen  
  39  3:45  Baneling x2  
  41  3:51  Zergling x4  
  41  3:53  Zergling x2  
  43  3:59  Zergling x4  
  45  4:05  Drone  
  45  4:08  Drone x2  
  48  4:14  Extractor x2  
  48  4:15  Drone x3  
  49  4:24  Drone x2  
  51  4:40  Drone, Spire  
  51  4:42  Hatchery, Drone  
  51  4:53  Overlord x2  
  51  4:54  Overlord  
  51  5:04  Overseer  
  51  5:25  Drone  
  51  5:26  Drone x8  
  60  5:32  Drone x2  
  62  5:43  Centrifical Hooks  
  62  5:45  Zergling x4  
  64  5:55  Zerg Flyer Weapons Level 1, Mutalisk  
  64  5:56  Mutalisk x4  
  74  5:58  Drone  
  74  6:02  Drone  
  74  6:03  Drone x2  
  78  6:08  Mutalisk  
  80  6:23  Overlord  
  80  6:24  Overlord x6  
  80  6:41  Drone x8  
  80  6:43  Extractor  
  80  6:44  Extractor  
  86  6:50  Drone  
  86  6:52  Drone  
  86  6:53  Drone x2  
  90  6:55  Mutalisk  
  90  6:56  Mutalisk  
  94  7:11  Mutalisk x2  
  94  7:12  Mutalisk x3  
  94  7:13  Zergling x2  
  105  7:23  Overlord x3  
  105  7:25  Zergling x6  
  105  7:26  Baneling x2  
  105  7:27  Baneling x7  
  108  7:32  Evolution Chamber  
  107  7:41  Hatchery  
  107  7:42  Mutalisk  
  107  7:43  Mutalisk x2  
  112  7:50  Hatchery  
  111  7:52  Mutalisk  
  111  7:53  Mutalisk  
  115  8:06  Mutalisk  
  115  8:07  Mutalisk  
  118  8:29  Mutalisk  
  118  8:30  Mutalisk  
  118  8:31  Zergling x2  
  118  8:32  Zergling x28  
  137  8:37  Infestation Pit  
  136  9:00  Mutalisk x3  
  136  9:02  Overlord x3  
  142  9:03  Zergling x2  
  142  9:04  Zergling x12  
  149  9:11  Baneling x3  
  149  9:12  Baneling x4  
  142  9:28  Mutalisk  
  142  9:29  Mutalisk x2  
  145  9:38  Zergling x2  
  145  9:39  Zergling x28  
Show
View Real Time Build Order
Export as new Build Order

LindyHop Zerg 

Build Orders: Hatch First 

Get SALT Encoding   

  12  0:01  Drone  
  13  0:12  Overlord  
  13  0:21  Drone  
  14  0:30  Drone x2  
  16  0:51  Hatchery  
  16  0:55  Drone  
  16  1:03  Drone, Extractor  
  16  1:15  Spawning Pool  
  15  1:19  Drone  
  15  1:22  Drone  
  17  1:26  Drone  
  17  1:30  Drone  
  19  1:41  Overlord  
  19  1:51  Drone  
  20  1:58  Evolution Chamber  
  19  2:04  Metabolic Boost  
  19  2:05  Queen  
  21  2:16  Queen  
  21  2:20  Zergling x2  
  24  2:23  Zergling x2  
  24  2:26  Zergling x2  
  26  2:39  Zergling x4  
  26  2:43  Zerg Melee Weapons Level 1  
  28  2:53  Overlord  
  28  2:54  Overlord  
  28  2:56  Drone  
  29  3:12  Baneling Nest  
  28  3:29  Drone x7  
  28  3:30  Drone  
  36  3:39  Spine Crawler  
  35  3:44  Zergling x4  
  35  4:05  Roach Warren  
  35  4:06  Drone  
  35  4:10  Overlord  
  35  4:11  Spine Crawler  
  34  4:24  Baneling x2  
  34  4:26  Overlord  
  34  4:31  Baneling x2  
  34  4:46  Roach x2  
  34  4:47  Roach x2  
  34  4:48  Drone x3  
  45  4:53  Lair  
  45  4:54  Drone  
  45  4:55  Drone x4  
  45  4:57  Extractor  
  45  4:59  Extractor  
  48  5:00  Drone  
  49  5:30  Extractor  
  48  5:37  Hatchery  
  48  5:40  Drone x2  
  48  5:41  Drone x4  
  53  5:46  Zerg Ground Armor Level 1  
  53  5:57  Spore Crawler  
  53  6:00  Spore Crawler  
  51  6:10  Spire  
  50  6:12  Spore Crawler  
  50  6:14  Drone x2  
  50  6:15  Drone x6  
  57  6:35  Drone x3  
  57  6:36  Overlord  
  57  6:37  Overlord x2  
  60  6:50  Drone x5  
  65  6:55  Extractor  
  65  6:59  Extractor  
  63  7:06  Spore Crawler  
  63  7:08  Spore Crawler x2  
  60  7:09  Spore Crawler  
  60  7:13  Queen  
  61  7:27  Zerg Flyer Weapons Level 1  
  61  7:37  Mutalisk  
  61  7:38  Mutalisk x6  
  61  7:40  Mutalisk  
  61  7:43  Mutalisk  
  79  7:46  Mutalisk  
  81  8:04  Overlord x2  
  81  8:08  Overlord  
  81  8:21  Overlord  
  81  8:23  Roach  
  82  8:29  Mutalisk  
  82  8:30  Mutalisk x3  
  90  8:39  Zergling x2  
  90  8:40  Zergling x16  
  99  8:47  Roach x2  
  103  8:52  Roach  
  103  8:53  Overlord x2  
  105  9:06  Overlord x2  
  105  9:14  Mutalisk x4  
  105  9:17  Mutalisk  
  113  9:23  Mutalisk  
  116  9:25  Roach  
  116  9:28  Roach  
  116  9:30  Roach  
Tags
 
Add a new tag
Caveats
  • Supply blocks, unpowered buildings, or Contaminate may cause inaccurate times.
  • Supply counts are checked every 10 seconds.